 Dungeon Crawl Stone Soup version 0.30-a0-652-gcc886f7154 (webtiles) character file.

Game seed: 5984244722018140291

152779 ragingrage the Covert (level 17, -6/122 HPs)
             Began as an Octopode Air Elementalist on Jan 16, 2023.
             Was an Initiate of Gozag.
             Mangled by a radroach (50 damage)
             ... on level 3 of the Spider Nest on Jan 17, 2023.
             The game lasted 01:10:44 (59283 turns).

ragingrage the Covert (Octopode Air Elementalist)  Turns: 59283, Time: 01:10:45

Health: -6/122     AC:  7    Str:  8    XL:     17   Next: 59%
Magic:  32/41      EV: 32    Int: 30    God:    Gozag
Gold:   2906       SH: 15    Dex: 28    Spells: 14/38 levels left

rFire   . . .      SeeInvis +    b - +5 quick blade (elec)
rCold   + . .      Faith    .    y - +3 buckler of the Gate {rF+ rC+ Int+4}
rNeg    + . .      Spirit   .    V - +2 hat {Int+3}
rPois   +          Reflect  +    z - amulet of Eternity {Reflect rPois SH+5}
rElec   .          Harm     .    r - +6 ring of dexterity
rCorr   +          Rampage  .    U - ring "Usteutun" {rF- rN+ Will+ MP+9}
Will    +++..                    H - +4 ring of protection
Stlth   ++++++++                 t - +6 ring of dexterity
HPRegen 0.40/turn                j - ring of willpower
MPRegen 0.27/turn                S - +5 ring of evasion
                                 D - ring of see invisible
                                 Y - ring "Ilaczoah" {rCorr Dex+2 Stlth+}

@: gold aura, very slightly contaminated
A: almost no armour, amphibious, 8 rings, camouflage 1, gelatinous body 1,
(nimble swimmer 1), tentacles
a: Renounce Religion, Potion Petition, Call Merchant, Bribe Branch


You were on level 3 of the Spider Nest.
You worshipped Gozag.
Gozag was most pleased with you.
You visited 6 branches of the dungeon, and saw 28 of its levels.
You also visited: Ice Cave and Volcano.

You collected 10257 gold pieces.
You spent 3023 gold pieces at shops.
You paid 4328 gold pieces to Gozag.

Inventory:

Hand Weapons
 b - a +5 quick blade of electrocution (weapon)
Missiles
 f - 3 datura-tipped darts
 h - a throwing net
 R - 2 curare-tipped darts
Armour
 y - the +3 buckler of the Gate (worn) {rF+ rC+ Int+4}
   (You acquired it on level 14 of the Dungeon)

   Int:       It affects your intelligence (+4).
   rF:        It protects you from fire.
   rC:        It protects you from cold.
 V - a +2 hat of intelligence (worn)
Magical Staves
 a - a staff of air
Jewellery
 j - a ring of willpower (on tentacle)
 l - a ring of ice
 r - a +6 ring of dexterity (left tentacle)
 t - a +6 ring of dexterity (on tentacle)
 z - the amulet of Eternity (around mantle) {Reflect rPois SH+5}
   (You bought it in a shop on level 11 of the Dungeon)

   [amulet of reflection]

   It reflects blocked missile attacks.
   rPois:     It protects you from poison.
   SH:        It affects your SH (+5).
 D - a ring of see invisible (on tentacle)
 H - a +4 ring of protection (on tentacle)
 S - a +5 ring of evasion (on tentacle)
 U - the ring "Usteutun" (right tentacle) {rF- rN+ Will+ MP+9}
   (You bought it in a shop on level 11 of the Dungeon)

   [ring of willpower]

   rF:        It makes you vulnerable to fire.
   rN:        It protects you from negative energy.
   MP:        It affects your magic capacity (+9).
   Will:      It increases your willpower.
 Y - the ring "Ilaczoah" (on tentacle) {rCorr Dex+2 Stlth+}
   (You bought it in a shop on level 14 of the Dungeon)

   [ring of resist corrosion]

   Dex:       It affects your dexterity (+2).
   rCorr:     It protects you from acid and corrosion.
   Stlth:     It makes you more stealthy.
 Z - a ring of protection from fire
Wands
 c - a wand of polymorph (18)
 e - a wand of roots (20)
 v - a wand of digging (2)
 G - a wand of mindburst (15)
 L - a wand of paralysis (15)
 P - a wand of light (5)
 Q - a wand of flame (41)
Scrolls
 m - 3 scrolls of vulnerability
 o - 4 scrolls of fear
 p - 7 scrolls of teleportation
 q - 3 scrolls of fog
 s - 2 scrolls of blinking
 x - 2 scrolls of poison
 A - 5 scrolls of magic mapping
 E - a scroll of torment
 F - a scroll of silence
 W - 5 scrolls of identify
Potions
 d - 9 potions of curing
 g - 6 potions of haste
 i - 7 potions of lignification
 k - 5 potions of cancellation
 n - 7 potions of mutation
 u - 5 potions of magic
 w - 5 potions of might
 B - 5 potions of brilliance
 C - 3 potions of heal wounds
 I - 2 potions of attraction
 K - a potion of berserk rage
 M - 6 potions of flight
 N - 7 potions of ambrosia
 T - a potion of invisibility {unknown}
 X - 2 potions of resistance
Miscellaneous
 O - a tin of tremorstones (2/2)


   Skills:
 - Level 13.0 Fighting
 - Level 8.0 Short Blades
 + Level 13.9 Dodging
 - Level 14.0 Stealth
 - Level 5.0 Shields
 - Level 11.0 Spellcasting
 - Level 5.0 Conjurations
 + Level 4.8 Translocations
 + Level 10.4 Transmutations
 - Level 13.0 Air Magic
 - Level 7.0 Evocations


You had 14 spell levels left.
You knew the following spells:

 Your Spells              Type           Power      Damage    Failure   Level
a - Shock                 Conj/Air       100%       1d9       1%          1
b - Static Discharge      Conj/Air       100%       2-7/arc   1%          2
c - Swiftness             Air            76%        N/A       1%          3
d - Airstrike             Air            38%        2d(6-22)  1%          4
e - Irradiate             Conj/Tmut      29%        3d21      4%          5
f - Ice Form              Ice/Tmut       47%        N/A       4%          4
g - Summon Forest         Summ/Tloc      15%        N/A       38%         5

Your spell library contained the following spells:

 Spells                   Type           Power      Damage    Failure   Level
 Blade Hands              Tmut           34%        N/A       1%          5
 Summon Lightning Spire   Summ/Air       53%        N/A       2%          4
 Summon Small Mammal      Summ           64%        N/A       4%          1
 Dazzling Flash           Conj/Hex       62%        N/A       4%          3
 Stone Arrow              Conj/Erth      62%        3d10      4%          3
 Petrify                  Tmut/Erth      47%        N/A       4%          4
 Passage of Golubria      Tloc           45%        N/A       5%          4
 Ensorcelled Hibernation  Hex/Ice        32%        N/A       6%          2
 Sublimation of Blood     Necr           16%        N/A       6%          2
 Silence                  Hex/Air        26%        N/A       8%          5
 Frozen Ramparts          Ice            32%        1d5       12%         3
 Inner Flame              Hex/Fire       16%        N/A       12%         3
 Storm Form               Tmut/Air       36%        N/A       28%         7
 Leda's Liquefaction      Hex/Erth       8%         N/A       36%         4
 Dragon Form              Tmut           34%        N/A       43%         7
 Eringya's Noxious Bog    Tmut/Pois      23%        N/A       58%         6
 Statue Form              Tmut/Erth      31%        N/A       58%         6
 Agony                    Necr           16%        N/A       73%         5
 Lee's Rapid Deconstruct  Erth           8%         3d7*      73%         5
 Maxwell's Capacitive Co  Air            38%        ∞         77%         8
 Haunt                    Necr/Summ      8%         N/A       100%        7
 Malign Gateway           Summ/Tloc      15%        N/A       100%        7
 Summon Hydra             Summ           8%         N/A       100%        7
 Infestation              Necr           8%         N/A       100%        8
 Lehudib's Crystal Spear  Conj/Erth      15%        10d5      100%        8
 Animate Armour           Summ/Erth      Unusable   N/A       N/A         4
 Animate Dead             Necr           Unusable   N/A       N/A         4

Dungeon Overview and Level Annotations

Branches:
Dungeon (15/15)            Temple (1/1) D:4            Lair (5/5) D:11
  Swamp (2/4) Lair:3       Spider (3/4) Lair:3        Slime (0/5) Lair:5
    Orc (2/2) D:10            Elf (0/3) Orc:2        Depths (0/4) D:15
  IceCv (visited)         Volcano (visited)
 Vaults: D:13-14

Altars:
Ashenzari
Cheibriados
Dithmenos
Elyvilon
Fedhas
Gozag
Hepliaklqana
Kikubaaqudgha
Makhleb
Nemelex Xobeh
Okawaru
Qazlal
Ru
Sif Muna
Trog
Uskayaw
Vehumet
Wu Jian
Xom
Yredelemnul
Zin
The Shining One

Shops:
D:9 (   D:11 ?=*:*   D:14 *   Orc:2 *[(*!

Annotations:
D:12 exclusion: obsidian statue
Lair:2 exclusions: downstairs and 4 oklob plants
Orc:1 Harold


Innate Abilities, Weirdness & Mutations

You cannot wear most types of armour.
You are amphibious.
You can wear up to eight rings at the same time.
Your skin changes colour to match your surroundings (Stealth+).
Your rubbery body absorbs attacks. (AC +1, EV +1)
((You are camouflaged when in or above water. (Stealth+)))
You have tentacles for arms and can constrict up to eight enemies at once.


Message History

You resist.
You are struck by an arc of lightning.
The torpor snail is struck by an arc of lightning.
The torpor snail is almost dead.
The lightning grounds out.
You block the torpor snail's attack.
Casting: Static Discharge (safe; 1% risk of failure)
Confirm with . or Enter, or press ? or * to list all spells.
You feel a surge of power!
The torpor snail is struck by an arc of lightning.
The torpor snail is almost dead.
Something is struck by an arc of lightning.
The torpor snail is struck by an arc of lightning.
You kill the torpor snail!
The lightning grounds out.
You feel yourself speed up.
The radroach erupts in a fountain of uncontrolled magic!
You are blasted with magical radiation!!
You are very lightly contaminated with residual magic.
You hear the crackle of electricity.
b - a +5 quick blade of electrocution (weapon)
Okay, then.
Press: ? - help, v - describe, . - travel, g - get item
Here: a radroach (lightly wounded) Item here: 34 gold pieces.
The floor.
That's the wrong kind of item! (Use * to select it.) Fire/throw/use which item? ([*] to toss any item) (? for menu, Esc to quit)
Huh?
Fire/throw/use which item? ([*] to toss any item) (? for menu, Esc to quit)
Throw: 3 darts (curare)
Press: ? - help, Shift-Dir - straight line, f - radroach
Aim: a radroach (lightly wounded, 84% to hit)
You throw a curare-tipped dart.
The curare-tipped dart hits the radroach.
The radroach is poisoned.
The radroach convulses.
The radroach seems to slow down.
The radroach is lightly wounded.
The radroach erupts in a fountain of uncontrolled magic!
You are blasted with magical radiation!!!
You die...
Your body crumbles into a pile of gold.

.. .#### ...$###
####...^.#
##..#.#..##
#...B.#...# ##
#.w$....# .##
#.###B#.# ..#
###.@...# .#
##......# #####
#.>.#.#^# [#..# ####
##..#####
....##.#~≈≈ #...#
.......#.##.##..###
###....#.^....#...##
###..###...###.....#
.###..#....^.##...##


You could see a radroach (very poisoned, slow).

Vanquished Creatures
  Rupert (Lair:3)
  Gastronok (Orc:1)
  3 azure jellies (IceCv)
  A fenstrider witch (Swamp:2)
  A rockslime (IceCv)
  Aizul (Spider:2)
  An orc warlord (Orc:2)
  5 quicksilver oozes (IceCv)
  A broodmother (Spider:3)
  2 bunyips (Swamp:1)
  Snorg (Lair:2)
  Josephine (Lair:5)
  A vault guard (D:13)
  Fannar (Orc:1)
  4 jorogumos
  9 hydras
  An ogre mage (D:15)
  6 two-headed ogres
  A catoblepas (D:14)
  2 radroaches
  6 centaur warriors
  A death knight (D:15)
  4 boulder beetles
  2 tengu warriors (D:15)
  4 alligators
  A death yak (Lair:5)
  4 orc high priests
  Sonja (Lair:3)
  Nergalle (Lair:3)
  A deep elf knight (D:14)
  A pharaoh ant (Spider:3)
  A skeletal warrior (D:15)
  3 spriggan druids
  A flayed ghost (D:15)
  A sun moth (Spider:3)
  2 orb spiders
  A bog body (Swamp:2)
  4 steelbarb worms
  An orange crystal statue (IceCv)
  3 orc knights
  A lindwurm (Lair:1)
  3 ugly things
  2 necromancers
  A deep elf pyromancer (D:15)
  A frost giant zombie (D:15)
  10 wolf spiders
  4 orc sorcerers
  2 fire giant zombies (D:15)
  A stone giant zombie (D:15)
  3 cyclopes
  3 manticores
  A cyclops (shapeshifter) (D:13)
  7 elephants
  Maurice (Orc:1)
  4 will-o-the-wisps (Swamp:2)
  13 demonic crawlers
  2 black mambas (Lair:5)
  6 torpor snails
  A gargoyle (D:11)
  2 unseen horrors (D:15)
  16 cane toads
  4 rime drakes
  An efreet (D:15)
  7 komodo dragons
  2 freezing wraiths (D:15)
  2 kobold demonologists
  A guardian mummy (D:15)
  2 tengu conjurers (D:15)
  3 tyrant leeches (Swamp:1)
  A queen bee (Lair:2)
  9 meliai
  8 trolls
  13 hornets
  7 polar bears
  17 tarantellas
  12 dream sheep
  9 blink frogs
  17 slime creatures
  19 jumping spiders
  18 culicivoras
  7 wyverns
  10 wraiths
  24 spriggans
  A shadow (D:13)
  6 basilisks
  10 fire bats
  55 yaks
  A steam dragon (Lair:2)
  15 redbacks
  16 vampire mosquitoes
  7 swamp worms
  3 acid dragons
  Edmund (D:5)
  A warg (Orc:2)
  15 water moccasins
  A floating eye (shapeshifter) (D:8)
  28 orc warriors
  5 black bears
  A sky beast (D:7)
  An ice beast (D:8)
  3 swamp drakes (Swamp:2)
  6 great orb of eyes simulacra (IceCv)
  7 ogres
  3 boggarts (Lair:5)
  65 wolves
  6 slime creature simulacra (IceCv)
  9 centaurs
  5 kobold brigands
  A phantom (D:5)
  Blork the orc (D:6)
  A gnoll sergeant (D:11)
  6 bullfrogs
  A necrophage (D:7)
  4 scorpions
  3 glowing shapeshifter simulacra (IceCv)
  10 wights
  40 killer bees
  2 howler monkeys
  3 electric eels (D:11)
  8 hounds
  5 lava snakes (Volcano)
  2 jellies (D:5)
  2 gnoll boudas
  21 orc priests
  Ijyb (D:2)
  2 iguanas
  25 orc wizards
  A hell rat (Lair:2)
  A yak simulacrum (Lair:2)
  5 polar bear simulacra (Lair:2)
  2 wolf simulacra (Lair:2)
  A mummy (D:14)
  12 gnolls
  7 adders
  A river rat (Lair:2)
  2 shadow imps
  A white imp (D:5)
  An ufetubus (D:6)
  2 dart slugs (D:5)
  81 orcs
  5 endoplasms
  3 giant cockroaches
  4 goblins
  10 hobgoblins
  3 jackals (D:3)
  21 kobolds
  5 quokkas
  7 ball pythons
  5 bats
  5 frilled lizards
  5 rats
  3 river rat simulacra (Lair:2)
966 creatures vanquished.

Vanquished Creatures (others)
  A bloated husk (Swamp:2)
  An orc warrior (Orc:2)
  2 humans
  A quokka (D:7)
  8 foxfires (Swamp:2)
  68 fungi
  62 plants
  3 withered plants (D:15)
146 creatures vanquished.

Grand Total: 1112 creatures vanquished

Notes
Turn   | Place    | Note
-------+----------+-------------------------------------------
     0 | D:1      | ragingrage the Octopode Air Elementalist began the quest
                  | for the Orb.
     0 | D:1      | Reached XP level 1. HP: 11/11 MP: 3/3
   173 | D:1      | Reached skill level 3 in Stealth
   235 | D:1      | Reached XP level 2. HP: 17/17 MP: 3/5
  1143 | D:2      | Reached XP level 3. HP: 12/21 MP: 1/6
  1629 | D:2      | Learned a level 2 spell: Static Discharge
  1633 | D:2      | Learned a level 3 spell: Swiftness
  1750 | D:2      | Reached skill level 4 in Stealth
  1750 | D:2      | Reached XP level 4. HP: 27/27 MP: 1/7
  2486 | D:3      | Found a faded altar of an unknown god.
  2487 | D:3      | Noticed a floating eye
  2488 | D:3      | Noticed a great orb of eyes
  2488 | D:3      | Noticed a shining eye
  2488 | D:3      | Noticed a shining eye
  2506 | D:3      | Noticed Ijyb
  2841 | D:2      | Killed Ijyb
  3259 | D:3      | Found a stormy altar of Qazlal.
  3462 | D:4      | Reached XP level 5. HP: 31/31 MP: 4/8
  3497 | D:4      | You fall into a shaft and drop 1 floor!
  3497 | D:5      | Entered Level 5 of the Dungeon
  3603 | D:4      | Reached skill level 5 in Stealth
  3705 | D:4      | Got the Annotations on the Arctic Graveyard
  3750 | D:4      | Found a staircase to the Ecumenical Temple.
  3755 | Temple   | Entered the Ecumenical Temple
  3755 | Temple   | Found a transporter.
  3755 | Temple   | Found a transporter.
  3757 | Temple   | Found a transporter.
  3757 | Temple   | Found a transporter.
  4138 | D:4      | Reached skill level 5 in Air Magic
  4138 | D:4      | Reached XP level 6. HP: 21/37 MP: 3/9
  4483 | D:5      | Noticed a water moccasin
  4494 | D:5      | Killed a water moccasin
  4495 | D:5      | Reached skill level 1 in Fighting
  4579 | D:5      | Reached XP level 7. HP: 29/43 MP: 2/10
  4867 | D:5      | Noticed Edmund
  5018 | D:5      | Reached skill level 6 in Stealth
  5080 | D:5      | Learned a level 4 spell: Airstrike
  5235 | D:5      | Found a bloodstained altar of Trog.
  7492 | D:6      | Noticed Blork the orc
  7503 | D:6      | Killed Blork the orc
  7504 | D:6      | Reached XP level 8. HP: 29/51 MP: 1/11
  7704 | D:6      | Reached skill level 1 in Short Blades
  7704 | D:6      | Reached skill level 7 in Stealth
  9116 | D:7      | Noticed a wyvern
  9176 | D:7      | Killed a wyvern
  9177 | D:7      | Reached skill level 8 in Stealth
  9177 | D:7      | Reached XP level 9. HP: 58/58 MP: 12/12
  9189 | D:7      | Found a sacrificial altar of Ru.
  9296 | D:7      | Reached skill level 5 in Dodging
  9734 | D:7      | Found a white marble altar of Elyvilon.
  9994 | D:7      | Reached skill level 5 in Fighting
 10252 | D:7      | Reached skill level 9 in Stealth
 10744 | D:8      | Noticed a hornet
 10762 | D:8      | Killed a hornet
 11091 | D:9      | Found a shimmering blue altar of Sif Muna.
 11125 | D:9      | Reached XP level 10. HP: 63/66 MP: 0/14
 11169 | D:9      | Reached skill level 5 in Short Blades
 11178 | D:9      | Reached skill level 10 in Stealth
 11259 | D:9      | Noticed a two-headed ogre
 11353 | D:9      | Killed a two-headed ogre
 11428 | D:9      | Noticed a brown ugly thing
 11592 | D:9      | Killed a brown ugly thing
 12093 | D:9      | Noticed a kobold demonologist
 12093 | D:9      | Noticed a cyclops
 12333 | D:9      | Found Dorghoeng's Weapon Boutique.
 12402 | D:10     | Entered Level 10 of the Dungeon
 12691 | D:10     | Found a staircase to the Orcish Mines.
 12833 | D:10     | Reached skill level 11 in Stealth
 13435 | D:10     | Reached XP level 11. HP: 64/71 MP: 14/17
 13511 | D:10     | Reached skill level 12 in Stealth
 13660 | D:10     | Found a shadowy altar of Dithmenos.
 13724 | D:10     | Found an ancient bone altar of Kikubaaqudgha.
 14155 | D:9      | Noticed a manticore
 14159 | D:9      | Killed a manticore
 14397 | D:9      | Killed a cyclops
 14737 | D:9      | Found an opulent altar of Gozag.
 14774 | D:9      | Became a worshipper of Gozag Ym Sagoz the Greedy
 14881 | D:9      | Learned a level 5 spell: Irradiate
 15769 | D:11     | Found a staircase to the Lair.
 15965 | D:11     | Noticed a two-headed ogre
 16284 | D:11     | Killed a two-headed ogre
 16285 | D:11     | Reached skill level 5 in Spellcasting
 16966 | D:11     | Found Xiomaigu's Assorted Antiques.
 16966 | D:11     | Noticed a boulder beetle
 16972 | D:11     | Killed a boulder beetle
 16979 | D:11     | Bought a scroll labelled HIRORU XASS for 28 gold pieces
 16979 | D:11     | Bought a twisted wooden wand for 112 gold pieces
 16983 | D:11     | Bought a white potion for 25 gold pieces
 17111 | D:11     | Reached skill level 10 in Air Magic
 17258 | D:11     | Noticed a two-headed ogre
 17368 | D:11     | Killed a two-headed ogre
 17746 | D:8      | Found an iron altar of Okawaru.
 17962 | D:8      | Paralysed by a floating eye for 3 turns
 17966 | D:8      | Reached skill level 5 in Conjurations
 18378 | D:8      | Noticed a two-headed ogre
 18383 | D:8      | Killed a two-headed ogre
 18384 | D:8      | Reached XP level 12. HP: 81/81 MP: 0/21
 18947 | D:5      | Killed Edmund
 19310 | Lair:1   | Entered Level 1 of the Lair of Beasts
 19848 | Lair:1   | Found a dark tunnel.
 19875 | Volcano  | Entered a volcano
 20335 | Volcano  | Found a burning altar of Makhleb.
 21690 | Lair:2   | Noticed a four-headed hydra
 22205 | Lair:1   | Killed a four-headed hydra
 22641 | Lair:2   | Reached XP level 13. HP: 90/90 MP: 10/25
 25877 | Lair:2   | Reached skill level 1 in Evocations
 27001 | Lair:3   | Noticed Snorg
 27116 | Lair:3   | Found a staircase to the Swamp.
 27136 | Lair:3   | Noticed Nergalle
 27859 | Lair:3   | Killed Nergalle
 28644 | Lair:3   | Noticed Rupert
 29358 | Lair:4   | Reached skill level 10 in Fighting
 30024 | Lair:3   | Noticed Sonja
 30030 | Lair:3   | Killed Sonja
 30031 | Lair:3   | Reached skill level 5 in Evocations
 30204 | Lair:3   | Found a hole to the Spider Nest.
 30652 | Lair:4   | Reached XP level 14. HP: 98/99 MP: 4/27
 31069 | Lair:4   | Reached skill level 1 in Transmutations
 31355 | Lair:5   | Entered Level 5 of the Lair of Beasts
 31441 | Lair:5   | Noticed Josephine
 32159 | Lair:5   | Killed Josephine
 32296 | Lair:5   | Reached skill level 10 in Dodging
 32929 | Lair:5   | Found a staircase to the Slime Pits.
 33570 | Lair:5   | Identified 2 scrolls of acquirement
 33570 | Lair:5   | Acquired a +2 quick blade of electrocution
 36941 | Lair:2   | Killed Snorg
 38267 | D:11     | Bought a faintly glowing iron ring for 110 gold pieces
 38267 | D:11     | Identified the ring "Usteutun" {rF- rN+ Will+ MP+9} (You
                  | bought it in a shop on level 11 of the Dungeon)
 38319 | Orc:1    | Entered Level 1 of the Orcish Mines
 38520 | Orc:2    | Entered Level 2 of the Orcish Mines
 38680 | Orc:2    | Reached skill level 10 in Spellcasting
 38680 | Orc:2    | Reached XP level 15. HP: 104/104 MP: 5/29
 39390 | Orc:2    | Upgraded the game from 0.30-a0-639-g3916f1956a to
                  | 0.30-a0-652-gcc886f7154
 39468 | Orc:2    | Found Aferr's Assorted Antiques.
 39496 | Orc:2    | Bought a green potion for 23 gold pieces
 39496 | Orc:2    | Bought a scroll labelled LECOCA QEYNUI for 26 gold pieces
 40519 | Orc:2    | Noticed an orc warlord
 40601 | Orc:1    | Noticed Fannar
 40614 | Orc:1    | Killed Fannar
 40779 | Orc:1    | Noticed Gastronok
 40909 | Orc:1    | Killed Gastronok
 40910 | Orc:1    | Reached skill level 5 in Transmutations
 40930 | Orc:1    | Reached skill level 13 in Stealth
 40930 | Orc:1    | Noticed Maurice
 40942 | Orc:1    | Killed Maurice
 41568 | Orc:2    | Found a staircase to the Elven Halls.
 41822 | Orc:2    | Found Qes Waur's Distillery.
 41917 | Orc:2    | Bought a potion of heal wounds for 75 gold pieces
 41917 | Orc:2    | Bought a potion of mutation for 120 gold pieces
 42252 | Orc:1    | Noticed Harold
 42372 | Orc:2    | Killed an orc warlord
 42561 | Orc:2    | Found Cumoewkaga's Assorted Antiques.
 42567 | Orc:2    | Bought a scroll labelled UDWYNO UXELIA for 31 gold pieces
 42751 | Orc:2    | Found Furgh's Antique Weapon Emporium.
 42755 | Orc:2    | Found Loraip's Antique Armour Shoppe.
 45027 | D:14     | Acquired 835 gold pieces
 45031 | D:14     | Acquired the +3 buckler of the Gate {rF+ rC+ Int+4}
 45083 | D:14     | Found Looly's Assorted Antiques.
 45087 | D:14     | Bought a faintly glowing ivory ring for 145 gold pieces
 45087 | D:14     | Identified the ring "Ilaczoah" {rCorr Dex+2 Stlth+} (You
                  | bought it in a shop on level 14 of the Dungeon)
 45094 | D:14     | Bought a coral ring for 145 gold pieces
 45224 | D:14     | Found a radiant altar of Vehumet.
 45647 | D:14     | Reached skill level 1 in Shields
 45782 | D:14     | Found a snail-covered altar of Cheibriados.
 46067 | D:15     | Entered Level 15 of the Dungeon
 46305 | D:15     | Found a frozen archway.
 46419 | IceCv    | Entered an ice cave
 46631 | IceCv    | Learned a level 4 spell: Ice Form
 47465 | IceCv    | Reached skill level 14 in Stealth
 48139 | IceCv    | Reached XP level 16. HP: 112/112 MP: 23/30
 48256 | IceCv    | Noticed an azure jelly
 48258 | IceCv    | Noticed an azure jelly
 48262 | IceCv    | Killed an azure jelly
 48271 | IceCv    | Killed an azure jelly
 48302 | IceCv    | Found a viscous altar of Jiyva.
 48408 | IceCv    | Noticed a rockslime
 48408 | IceCv    | Noticed an azure jelly
 48416 | IceCv    | Killed a rockslime
 48422 | IceCv    | Killed an azure jelly
 48444 | IceCv    | Got the +4 short sword "Yptura Vuod" {freeze, rN+ rCorr
                  | Stlth-}
 48753 | D:15     | Found a staircase to the Depths.
 48819 | D:15     | Identified the +5 lajatang "Ynemn" {protect, *Noise rElec
                  | Int+2}
 49069 | D:15     | Identified the +5 broad axe "Xaacw" {flame, rElec rPois rF-
                  | Int+4}
 49182 | D:15     | Identified the amulet of Xosk {Faith rC- Dex+3 SInv Stlth+}
 49189 | D:15     | Identified the +8 chain mail of Yppig {Will+ Regen+ Int+3}
 49550 | D:15     | Reached skill level 5 in Shields
 50076 | Swamp:1  | Entered Level 1 of the Swamp
 50985 | Lair:3   | Killed Rupert
 52617 | Swamp:2  | Noticed a fenstrider witch
 52631 | Swamp:2  | Killed a fenstrider witch
 52801 | D:11     | Bought the amulet of Eternity {Reflect rPois SH+5} for 535
                  | gold pieces
 52964 | Swamp:2  | Found a broken altar of Ashenzari.
 54004 | D:11     | Bought a scroll of acquirement for 1144 gold pieces
 54005 | D:11     | Acquired 714 gold pieces
 54007 | D:11     | Acquired the Annotations on Fey Assembling
 54016 | D:11     | Bought a Fen Folio for 504 gold pieces
 54022 | D:11     | Learned a level 5 spell: Summon Forest
 54089 | Spider:1 | Entered Level 1 of the Spider Nest
 54432 | Spider:1 | Reached skill level 1 in Translocations
 55150 | Spider:1 | Reached XP level 17. HP: 91/119 MP: 14/32
 55810 | Spider:2 | Noticed Aizul
 55936 | Spider:2 | Killed Aizul
 57324 | Spider:3 | Reached skill level 10 in Transmutations
 58067 | Spider:3 | Found the +10 tower shield of Ignorance {rN+ Int-4}
 58088 | Spider:3 | Identified the +2 leather armour of Doomor {Str+6 Slay+5}
 59283 | Spider:3 | Mangled by a radroach

Illustrated notes

Levels and vault maps discovered:
D:1:      saegor_arrival_simple_b, layout_basic
D:2:      layout_loops_corners
D:3:      layout_rooms, mainiacjoe_overflow_small_starburst,
          hellmonk_ecumenical_altar_watching_god, uniq_ijyb
D:4:      layout_loops_ring, minmay_temple_entry_arrows
D:5:      layout_loops_ring, nicolae_overflow_crystal_walls, uniq_edmund
D:6:      layout_basic, uniq_blork_the_orc
D:7:      layout_loops_corners, elyvilon_altar_4,
          nicolae_ru_great_annihilating_truth
D:8:      layout_basic, okawaru_ov_weapons_minmay
D:9:      layout_loops_ring, grunt_gozag_breadcrumbs,
          nicolae_sif_muna_condensation, serial_shops, nicolae_shop_trees,
          minmay_diamond_spiral
D:10:     layout_roguey, marbit_many_paths, tgw_kikubaaqudgha
D:11:     layout_roguey, erik_lair_island, serial_shops, shop,
          kennysheep_generic_room_14
D:12:     layout_irregular_city, minmay_statue_bubble
D:13:     layout_loops_corners, ximxim_vaults_locker_room
D:14:     layout_stronghold, nicolae_vehumet_altar_sigil, serial_shops, shop,
          corner_web_ring, dk_noncrumbling_3, minivault_20, slow_altar_2
D:15:     gammafunk_depths_entry_grave, layout_basic,
          portal_ice_cave_entry_frozen_things, due_unseen_surprise
Temple:   hellmonk_temple_divided_pantheon
Lair:1:   layout_regular_city, enter_volcano_2
Lair:2:   hangedman_what_comes_after_a, layout_concentric_octagons, st_stairs_3,
          eino_house_with_fridge, grunt_megastairs_2
Lair:3:   layout_misc_corridors, swamp_mist,
          hellmonk_spider_entry_life_and_decay, grunt_forest_large_clearings,
          uniq_snorg, uniq_nergalle, uniq_sonja, uniq_rupert
Lair:4:   layout_regular_city
Lair:5:   minmay_lair_end_enchanted_forest, layout_gridlike, slime_entry_1,
          uniq_josephine
Swamp:1:  layout_falls_marsh, nicolae_swamp_oxbows
Swamp:2:  nicolae_swamp_tree_isthmus, layout_basic_swamp, lemuel_altar_in_water,
          swamp_pool5, nicolae_swamp_spooky_pond
Spider:1: layout_spider_delve, worms_lemuel
Spider:2: layout_spider_delve, uniq_aizul
Spider:3: layout_spider_delve, nicolae_spider_cling_halls
Orc:1:    layout_diamond_mine, uniq_maurice, uniq_fannar, uniq_gastronok,
          uniq_harold
Orc:2:    grunt_orc_community_town_hall, layout_diamond_mine,
          grunt_orc_community_big_house_2, grunt_orc_community_big_house_2,
          grunt_orc_community_house_3, grunt_orc_community_house_1,
          grunt_orc_community_house_2, grunt_orc_community_house_2,
          grunt_orc_community_house_3, serial_shops, nicolae_shop_stone,
          hellmonk_bongcloud_opening

Skill      XL: |  1  2  3  4  5  6  7  8  9 10 11 12 13 14 15 16 17 |
---------------+----------------------------------------------------+-----
Stealth        | 3 4 5 6 8 9 11 12 14 | 14.0
Conjurations   | 2 3 5 |  5.0
Air Magic      | 4 5 6 8 9 10 11 13 | 13.0
Fighting       | 1 2 4 5 7 9 10 11 12 13 | 13.0
Dodging        | 3 4 5 7 9 10 11 13 | 13.9
Short Blades   | 2 4 6 8 |  8.0
Spellcasting   | 3 4 6 8 9 10 11 | 11.0
Evocations     | 5 6 7 |  7.0
Transmutations | 4 6 9 10 | 10.4
Shields        | 3 5 |  5.0
Translocations | 1 4 |  4.8

Action                   |  1- 3 |  4- 6 |  7- 9 | 10-12 | 13-15 | 16-18 || total
-------------------------+-------+-------+-------+-------+-------+-------++-------
Melee: Dagger            |     5 |    18 |     9 |       |       |       ||    32
       Constrict         |     2 |     4 |    13 |    18 |    67 |    45 ||   149
       Tentacles         |     1 |     5 |    14 |    40 |   167 |   220 ||   447
       Unarmed           |       |    23 |     8 |       |       |       ||    31
       Rapier            |       |       |    51 |   157 |    51 |       ||   259
       Staff             |       |       |       |       |    21 |       ||    21
       Quick blade       |       |       |       |       |   432 |   533 ||   965
       Punch             |       |       |       |       |     6 |     8 ||    14
Throw: Dart              |       |       |       |       |     6 |     3 ||     9
       Throwing net      |       |       |       |       |       |     1 ||     1
 Cast: Shock             |    66 |    86 |   256 |    93 |     5 |       ||   506
       Static Discharge  |       |     6 |     4 |    11 |    70 |    17 ||   108
       Airstrike         |       |       |    10 |   213 |   754 |   405 ||  1382
       Swiftness         |       |       |     2 |       |     1 |       ||     3
       Ice Form          |       |       |       |       |     1 |       ||     1
       Irradiate         |       |       |       |       |       |     2 ||     2
Invok: Potion Petition   |       |       |       |     1 |       |       ||     1
       Call Merchant     |       |       |       |       |     3 |     1 ||     4
Evoke: Wand              |       |       |     1 |     2 |     5 |     2 ||    10
       Tin of tremorston |       |       |       |       |     5 |     2 ||     7
  Use: Potion            |       |     2 |     5 |     2 |     1 |       ||    10
       Scroll            |       |       |     3 |    10 |    19 |     5 ||    37
 Stab: Sleeping          |       |       |     4 |     8 |     5 |     7 ||    24
       Distracted        |       |       |       |       |     6 |     9 ||    15
Armor: Skin              |       |     5 |     9 |    20 |    36 |    17 ||    87
Dodge: Dodged            |    12 |    34 |    74 |   178 |   541 |   310 ||  1149
Block: Buckler           |       |       |       |       |    39 |   259 ||   298
       Reflection        |       |       |       |       |       |     3 ||     3

Table legend: (Time is in decaauts)
 A = Elapsed time spent in this place.
 B = Non-inter-level travel time spent in this place.
 C = Inter-level travel time spent in this place.
 D = Time resting spent in this place.
 E = Time spent auto-exploring this place.
 F = Levels seen in this place.
 G = Mean time per level.
                   A        B        C        D        E       F      G
               +--------+--------+--------+--------+--------+-----+--------+
         Total |  58550 |  55412 |   3138 |  23011 |  24049 |  30 | 1951.7 |
       Dungeon |  25774 |  24295 |   1479 |   8650 |  11924 |  15 | 1718.3 |
        Temple |     43 |     35 |      8 |      0 |      6 |   1 |   43.0 |
          Lair |  18089 |  16962 |   1127 |   9292 |   5348 |   5 | 3617.8 |
         Swamp |   2742 |   2568 |    174 |    506 |   1770 |   2 | 1371.0 |
   Spider Nest |   4938 |   4752 |    186 |   1766 |   2276 |   3 | 1646.0 |
  Orcish Mines |   4425 |   4262 |    163 |   1104 |   2403 |   2 | 2212.5 |
      Ice Cave |   2062 |   2062 |      0 |   1464 |    163 |   1 | 2062.0 |
       Volcano |    473 |    473 |      0 |    228 |    159 |   1 |  473.0 |
               +--------+--------+--------+--------+--------+-----+--------+

Top non-repeatable levels by time:
  Lair:2: 4760 daAuts
  Lair:5: 4005 daAuts
  Lair:4: 3506 daAuts
  Lair:1: 3460 daAuts
   Orc:2: 3338 daAuts
    D:11: 2949 daAuts
     D:9: 2572 daAuts
     D:5: 2525 daAuts
  Lair:3: 2357 daAuts
    D:14: 2102 daAuts
   IceCv: 2062 daAuts
    D:10: 2039 daAuts
     D:7: 1897 daAuts
Spider:3: 1872 daAuts
     D:6: 1697 daAuts
